 Dungeon Crawl Stone Soup version 0.28.0 (webtiles) character file.

Game seed: 9397445414719880609

207242 skewfiend the Pulveriser (level 18, -3/270 HPs)
             Began as a Minotaur Gladiator on Feb 16, 2022.
             Was the Champion of Okawaru.
             Slain by a mad acolyte of Lugonu (4 damage)
             ... on level 3 of the Abyss on Feb 19, 2022.
             The game lasted 02:19:06 (39787 turns).

skewfiend the Pulveriser (Minotaur Gladiator)      Turns: 39787, Time: 02:19:07

Health: -3/270     AC: 48    Str: 21      XL:     18   Next: 9%
Magic:  0/17       EV: 18    Int:  4 (5)  God:    Okawaru [******]
Gold:   4326       SH:  0    Dex: 22      Spells: 17/17 levels left

rFire   + . .      SeeInvis .   a - +0 lajatang (elec)
rCold   + . .      Faith    .   (shield currently unavailable)
rNeg    . . .      Spirit   +   A - +15 crystal plate armour of the Skies Above {Str+5}
rPois   .          Reflect  .   (helmet unavailable)
rElec   +          Harm     .   p - scarf {rC+ rF+}
rCorr   .          Rampage  +   C - +2 pair of gloves "Jiawa" {Rampage Str-5 Slay+3 Stlth+}
Will    +....                   Y - +1 pair of boots of Udenavio {Drain rElec Dex+4}
Stlth   ..........              v - amulet of guardian spirit
HPRegen 0.55/turn               Q - ring of flight
MPRegen 0.15/turn               K - +4 ring of evasion

@: berserking, lethally poisoned (-3 -> -44), about to teleport, heroic, flying,
studying Hexes, very quick
A: horns 3, retaliatory headbutt, low MP 1, wild magic 1
}: 1/15 runes: gossamer
a: Renounce Religion, Heroism, Finesse, Duel


You were on level 3 of the Abyss.
You worshipped Okawaru.
Okawaru was exalted by your worship.
You visited 6 branches of the dungeon, and saw 31 of its levels.
You visited the Abyss 1 time.
You also visited: Ossuary, Bailey and Volcano.

You collected 5350 gold pieces.
You spent 1024 gold pieces at shops.

Inventory:

Hand Weapons
 a - a +0 lajatang of electrocution (weapon)
 b - the +6 quarterstaff of Theory {drain, Str+3}
   (Okawaru gifted it to you on level 4 of the Lair of Beasts)

   A truly terrible weapon, it drains the life of any living foe it strikes.
   Str:       It affects your strength (+3).
 e - a +4 scimitar of flaming
Missiles
 d - 6 throwing nets {=f}
 j - 26 stones
 l - 7 poisoned darts
 F - 32 boomerangs (quivered)
 G - 11 curare-tipped darts
 U - 28 javelins
Armour
 k - a +0 cloak
 p - a scarf of resistance (worn)
 A - the +15 crystal plate armour of the Skies Above (worn) {Str+5}
   (Okawaru gifted it to you on level 1 of the Spider Nest)

   Str:       It affects your strength (+5).
 C - the +2 pair of gloves "Jiawa" (worn) {Rampage Str-5 Slay+3 Stlth+}
   (You found it on level 4 of the Dungeon)

   Str:       It affects your strength (-5).
   Slay:      It affects your accuracy & damage with ranged weapons and melee
   (+3).
   Rampage:   It bestows one free step when moving towards enemies.
   Stlth:     It makes you more stealthy.
 Y - the +1 pair of boots of Udenavio (worn) {Drain rElec Dex+4}
   (Okawaru gifted it to you on level 11 of the Dungeon)

   Dex:       It affects your dexterity (+4).
   rElec:     It insulates you from electricity.
   Drain:     It drains your maximum health when unequipped.
Jewellery
 q - a ring of poison resistance
 v - an amulet of guardian spirit (around neck)
 y - a ring of see invisible
 K - a +4 ring of evasion (right hand)
 Q - a ring of flight (left hand)
Wands
 h - a wand of polymorph (21)
 s - a wand of acid (12)
 E - a wand of digging (16)
 H - a wand of iceblast (13)
 V - a wand of paralysis (49)
 X - a wand of flame (2)
Scrolls
 f - 13 scrolls of identify
 g - 3 scrolls of fog
 i - 6 scrolls of teleportation
 m - 3 scrolls of magic mapping
 B - a scroll of amnesia
 D - a scroll of noise
 J - 2 scrolls of fear
Potions
 n - 2 potions of invisibility
 o - 5 potions of heal wounds
 r - 3 potions of resistance
 t - 8 potions of curing
 u - 3 potions of ambrosia
 w - 4 potions of flight
 x - 12 potions of haste
 L - 2 potions of cancellation
 M - 6 potions of attraction
 T - 3 potions of might
Miscellaneous
 z - a tin of tremorstones (2/2)
 S - a condenser vane (inert)


   Skills:
 * Level 20.9(25.9) Fighting
 + Level 24.6(27) Staves
 - Level 2.0(7.0) Throwing
 + Level 15.5(20.5) Armour
 + Level 11.5(16.5) Dodging
 * Level 3.5 Invocations
 + Level 8.9 Evocations


You had 17 spell levels left.
You didn't know any spells.
Your spell library contained the following spells:

 Spells                   Type           Power      Damage    Failure   Level
 Magic Dart               Conj           0%         1d3       100%        1
 Pain                     Necr           0%         1d4       100%        1
 Sting                    Tmut/Pois      0%         1d3       100%        1
 Blink                    Tloc           0%         N/A       100%        2
 Corpse Rot               Necr/Air       0%         N/A       100%        2
 Ensorcelled Hibernation  Hex/Ice        0%         N/A       100%        2
 Passwall                 Tmut/Erth      0%         N/A       100%        2
 Poisonous Vapours        Pois/Air       0%         N/A       100%        2
 Searing Ray              Conj           0%         2d4       100%        2
 Ignite Poison            Fire/Tmut/Pois 0%         N/A       100%        3
 Lesser Beckoning         Tloc           0%         N/A       100%        3
 Mephitic Cloud           Conj/Pois/Air  0%         N/A       100%        3
 Stone Arrow              Conj/Erth      0%         3d7       100%        3
 Swiftness                Air            0%         N/A       100%        3
 Vampiric Draining        Necr           0%         2d6       100%        3
 Cause Fear               Hex            0%         N/A       100%        4
 Fulminant Prism          Conj/Hex       0%         3d6       100%        4
 Iskenderun's Mystic Bla  Conj/Tloc      0%         2d3       100%        4
 Olgreb's Toxic Radiance  Pois           0%         N/A       100%        4
 Borgnjor's Vile Clutch   Necr/Erth      0%         N/A       100%        5
 Freezing Cloud           Conj/Ice/Air   0%         6-21      100%        5
 Lee's Rapid Deconstruct  Erth           0%         3d5*      100%        5
 Manifold Assault         Tloc           0%         N/A       100%        5
 Conjure Ball Lightning   Conj/Air       0%         3x3d6     100%        6
 Dispersal                Tloc           0%         N/A       100%        6
 Dragon Form              Tmut           0%         N/A       100%        7
 Disjunction              Tloc           0%         N/A       100%        8
 Lehudib's Crystal Spear  Conj/Erth      0%         10d2      100%        8
 Animate Skeleton         Necr           Unusable   N/A       N/A         1
 Animate Armour           Summ/Erth      Unusable   N/A       N/A         4
 Animate Dead             Necr           Unusable   N/A       N/A         4
 Summon Lightning Spire   Summ/Air       Unusable   N/A       N/A         4
 Death Channel            Necr           Unusable   N/A       N/A         6
 Dragon's Call            Summ           Unusable   N/A       N/A         9

Dungeon Overview and Level Annotations

Branches:
Dungeon (14/15)            Temple (1/1) D:4            Lair (6/6) D:11
  Swamp (4/4) Lair:4       Spider (4/4) Lair:4        Slime (0/5) Lair:5
    Orc (2/2) D:12            Elf (0/3) Orc:2       Ossuary (visited)
 Bailey (visited)         Volcano (visited)
 Vaults: D:13-14

Altars:
Ashenzari
Cheibriados
Dithmenos
Elyvilon
Fedhas
Gozag
Hepliaklqana
Kikubaaqudgha
Makhleb
Nemelex Xobeh
Okawaru
Qazlal
Ru
Sif Muna
Trog
Uskayaw
Vehumet
Wu Jian
Xom
Yredelemnul
Zin
The Shining One
Jiyva

Shops:
D:7 *   Orc:2 =[?(

Annotations:
D:13 Kirke
D:14 Louise
Swamp:4 Lernaean hydra


Innate Abilities, Weirdness & Mutations

You have a pair of large horns on your head.
You reflexively headbutt those who attack you in melee.
Your magical capacity is low. (-10% MP)
Your spells are a little harder to cast, but a little more powerful.


Message History

The starcursed mass shrieks in your mind.
* * * LOW HITPOINT WARNING * * *
The tentacled starspawn bites you but does no damage.
The tentacled starspawn tentacle-slaps you!
* * * LOW HITPOINT WARNING * * *
You feel much better.
You feel very sick.
The eldritch tentacle barely misses you.
You furiously retaliate!
You headbutt the eldritch tentacle, but do no damage.
The eldritch tentacle claws you but does no damage.
The starcursed mass shrieks in your mind.
* * * LOW HITPOINT WARNING * * *
The tentacled starspawn closely misses you.
You furiously retaliate!
You headbutt the tentacled starspawn, but do no damage.
The tentacled starspawn tentacle-slaps you but does no damage.
You feel better.
The eldritch tentacle slaps you but does no damage.
The eldritch tentacle claws you!
* * * LOW HITPOINT WARNING * * *
You are lethally poisoned!
The eldritch tentacle poisons you!
You hear some strange, mumbled words.
Something smites you!
* * * LOW HITPOINT WARNING * * *
The rakshasa is lost in a daze.
A tentacle flies out from the starspawn's body!
A starspawn tentacle comes into view.
You feel much better.
* * * LOW HITPOINT WARNING * * *
You feel extremely sick.
The eldritch tentacle closely misses you.
The eldritch tentacle claws you!!
* * * LOW HITPOINT WARNING * * *
A red film seems to cover your vision as you go berserk!
You feel yourself moving faster!
You feel mighty!
The mad acolyte of Lugonu hits you but does no damage.
Space warps around you.
You die...

.. ≈. ##..# ...
. . #### ##..##
# .#≈##≈.≈#≈ #
.........+## #
.#≈≈*─.#.#.##
#≈.≈.≈..─wp##φ#
. #
##.#≈≈...#@#X#
#......R..XX##
# .#§##≈#w#w#
##########.# #
## # .. ..


You could see a starcursed mass, an eldritch tentacle, a tentacled starspawn, a
rakshasa (dazed), a thrashing horror, a mad acolyte of Lugonu and 2 starspawn
tentacles.

Vanquished Creatures
  Nikola (Spider:2)
  The ghost of porkupine the Warrior, an adept DrMo of Ru (Spider:2)
  2 tentacled starspawn
  Agnes (Spider:3)
  The ghost of Maxmaps the Warrior, an adept FoSk of Cheibriados (D:13)
  4 thorn hunters
  A fenstrider witch (Swamp:4)
  6 emperor scorpions
  An angel (Abyss:2)
  The ghost of Estrea the Tortoise, a journeyman MiGl of Okawaru (Spider:1)
  6 ghost moths
  A broodmother (Spider:4)
  A wizard (Abyss:3)
  2 eleionomae
  4 entropy weavers
  2 bunyips (Swamp:2)
  Azrael (Spider:1)
  A spark wasp (Spider:4)
  A red draconian (Volcano)
  2 shambling mangroves
  The ghost of missionaryFile the Cleaver, a journeyman MiFi of Okawaru (D:9)
  5 centaur warriors
  22 hydras
  2 jorogumos (Spider:4)
  Erica (Lair:1)
  3 radroaches
  A two-headed ogre (D:10)
  2 boulder beetles
  8 alligators
  The ghost of khadrin the Cleaver, a novice HOFi of Beogh (D:10)
  7 death scarabs (Spider:4)
  2 orc high priests
  10 death yaks
  A merfolk avatar (Abyss:3)
  Urug (D:11)
  5 thrashing horrors
  9 steelbarb worms
  A fire crab (shapeshifter) (D:13)
  4 goliath frogs
  12 pharaoh ants
  A sun moth (Spider:4)
  A spatial maelstrom (Abyss:3)
  5 bog bodies
  4 orb spiders
  A death drake (Swamp:4)
  The ghost of Illumine the Cleaver, a novice DDAK of Lugonu (D:7)
  11 swamp dragons
  Pikel (D:6)
  A spectral wolf spider (Spider:4)
  A wolf spider zombie (Spider:4)
  An orc knight (Volcano)
  9 wolf spiders
  5 deep elf pyromancers
  5 orc sorcerers
  3 ugly things
  2 cyclopes
  4 moths of wrath
  4 salamanders (Volcano)
  A faun (shapeshifter) (Spider:1)
  3 oklob plants
  7 will-o-the-wisps
  A manticore (D:13)
  19 elephants
  6 molten gargoyles (Volcano)
  3 black mambas
  An orange demon (Abyss:3)
  Maggie (D:6)
  An apocalypse crab (Abyss:2)
  2 gargoyles (Volcano)
  5 torpor snails
  23 cane toads
  4 rime drakes
  2 kobold demonologists
  7 demonic crawlers
  4 komodo dragons
  2 redback zombies (Spider:4)
  A spectral redback (Spider:4)
  An ancient zyme (Abyss:2)
  2 efreet
  7 polar bears
  12 trolls
  22 hornets
  6 meliai
  Grinder (D:6)
  4 spectral jumping spiders (Spider:4)
  5 large abominations
  3 spectral tarantellas (Spider:4)
  10 tyrant leeches
  2 dream sheep (Lair:6)
  11 slime creatures
  14 tarantellas
  2 tarantella zombies (Spider:4)
  2 culicivora zombies (Spider:4)
  32 blink frogs
  Sigmund (D:5)
  19 jumping spiders
  2 shadows (D:11)
  27 culicivoras
  37 yaks
  23 spriggans
  3 wraiths
  2 fire elementals
  4 wyverns
  Eustachio (D:5)
  7 basilisks
  A chaos spawn (Abyss:2)
  A steam dragon (D:10)
  4 hogs (D:13)
  53 redbacks
  6 vampire mosquitoes
  A neqoxec (Abyss:2)
  5 spatial vortices (Abyss:3)
  An acid dragon (D:9)
  5 wargs
  22 swamp worms
  15 water moccasins
  4 hell hounds
  Duvessa (D:7)
  2 ice beasts
  24 orc warriors
  9 swamp drakes
  2 necrophages
  A hornet zombie (D:7)
  4 black bears
  3 boggarts (Lair:6)
  28 wolves
  10 centaurs
  2 ogres
  4 lemures (D:6)
  7 kobold brigands
  An elf zombie (Ossuary)
  21 bullfrogs
  6 gnoll sergeants
  7 scorpions
  3 wyvern skeletons
  Dowan (D:7)
  9 killer bees
  A troll skeleton (Swamp:1)
  2 troll zombies (Swamp:1)
  8 wights
  A howler monkey (D:5)
  4 electric eels
  2 centaur zombies
  2 bullfrog zombies (D:5)
  3 hounds
  6 jellies
  4 bullfrog skeletons
  A centaur skeleton (D:7)
  14 orc priests
  Ijyb (D:3)
  A gnoll shaman (D:6)
  6 iguanas
  22 orc wizards
  7 hell rats
  A small abomination (Abyss:3)
  4 mummies (Ossuary)
  3 hound zombies (Ossuary)
  A howler monkey zombie (D:9)
  29 gnolls
  A howler monkey skeleton (D:7)
  4 adders
  5 shadow imps
  A white imp (D:7)
  2 adder skeletons
  3 worms
  2 dart slugs (D:4)
  43 orcs
  4 endoplasms
  4 giant cockroaches
  A gnoll zombie (Ossuary)
  10 goblins
  10 hobgoblins
  4 jackals
  4 quokkas
  3 ball pythons
  3 bats
  2 frilled lizards (D:1)
  2 hobgoblin zombies
  A jackal zombie (Ossuary)
  22 kobolds
  A kobold zombie (Ossuary)
  2 orc zombies (Ossuary)
  7 rats
  2 rat zombies (Ossuary)
  3 briar patches (Swamp:2)
  6 starspawn tentacles
1091 creatures vanquished.

Vanquished Creatures (others)
  3 bloated husks
  A hornet (Swamp:1)
  A slime creature (D:13)
  A spriggan (Swamp:1)
  A fire elemental (Spider:1)
  42 foxfires
  47 fungi
  49 plants
  3 starspawn tentacles
148 creatures vanquished.

Grand Total: 1239 creatures vanquished

Notes
Turn   | Place    | Note
-------+----------+-------------------------------------------
     0 | D:1      | skewfiend the Minotaur Gladiator began the quest for the
                  | Orb.
     0 | D:1      | Reached XP level 1. HP: 18/18 MP: 0/0
    56 | D:1      | Reached skill level 4 in Staves
   164 | D:1      | Reached XP level 2. HP: 24/25 MP: 1/1
  1220 | D:2      | Reached skill level 5 in Staves
  1220 | D:2      | Reached XP level 3. HP: 19/30 MP: 2/2
  1703 | D:2      | Found a faded altar of an unknown god.
  2075 | D:3      | You fall into a shaft and drop 2 floors!
  2075 | D:5      | Entered Level 5 of the Dungeon
  2154 | D:5      | Reached XP level 4. HP: 24/38 MP: 3/3
  2191 | D:5      | Reached skill level 6 in Staves
  2204 | D:5      | Found an iron altar of Okawaru.
  2214 | D:5      | Became a worshipper of Warmaster Okawaru
  2245 | D:5      | Reached XP level 5. HP: 33/45 MP: 4/4
  2254 | D:5      | Reached skill level 7 in Staves
  2351 | D:5      | Found a sand-covered staircase.
  2432 | Ossuary  | Entered an ossuary
  2451 | Ossuary  | Reached * piety under Okawaru
  2459 | Ossuary  | Reached XP level 6. HP: 21/51 MP: 2/5
  2486 | Ossuary  | Reached skill level 8 in Staves
  2517 | Ossuary  | Identified 2 scrolls of acquirement
  2517 | Ossuary  | Acquired a +0 lajatang of electrocution
  2744 | Ossuary  | Acquired a manual of Hexes
  2917 | Ossuary  | Gained mutation: Your spells are a little harder to cast,
                  | but a little more powerful. [potion of mutation]
  2917 | Ossuary  | Gained mutation: You have a pair of large horns on your
                  | head. [potion of mutation]
  3136 | D:5      | Found Zin's Purification Station.
  3136 | D:5      | Noticed Sigmund
  3163 | D:5      | Killed Sigmund
  3164 | D:5      | Reached skill level 9 in Staves
  3164 | D:5      | Reached XP level 7. HP: 57/59 MP: 6/6
  3184 | D:5      | Found a glowing silver altar of Zin.
  3248 | D:5      | Bought 2 potions of curing for 180 gold pieces
  3766 | D:6      | Noticed Eustachio
  3782 | D:5      | Killed Eustachio
  3782 | D:5      | Reached ** piety under Okawaru
  3783 | D:5      | Reached skill level 10 in Staves
  4498 | D:3      | Noticed Ijyb
  4709 | D:3      | Killed Ijyb
  5087 | D:4      | Reached skill level 5 in Fighting
  5109 | D:4      | Reached XP level 8. HP: 45/68 MP: 4/7
  5150 | D:4      | Reached skill level 11 in Staves
  5498 | D:4      | Identified the +2 pair of gloves "Jiawa" {Rampage Str-5
                  | Slay+3 Stlth+}
  5609 | D:4      | Found a shimmering altar of Xom.
  5640 | D:4      | Found a white marble altar of Elyvilon.
  5708 | D:4      | Found a burning altar of Makhleb.
  5820 | D:4      | Found a staircase to the Ecumenical Temple.
  5828 | Temple   | Entered the Ecumenical Temple
  6224 | D:6      | Found a broken altar of Ashenzari.
  6224 | D:6      | Found a bloodstained altar of Trog.
  6241 | D:6      | Reached skill level 12 in Staves
  6340 | D:6      | Noticed Grinder
  6346 | D:6      | Reached *** piety under Okawaru
  6357 | D:6      | Killed Grinder
  6374 | D:6      | Noticed Maggie
  6386 | D:6      | Reached skill level 13 in Staves
  6393 | D:6      | Killed Maggie
  6394 | D:6      | Reached XP level 9. HP: 51/75 MP: 8/8
  6402 | D:6      | Reached skill level 1 in Invocations
  6706 | D:6      | Noticed Pikel
  6729 | D:6      | Killed Pikel
  6729 | D:6      | Received a gift from Okawaru
  6729 | D:6      | Reached **** piety under Okawaru
  6730 | D:6      | Reached skill level 14 in Staves
  6958 | D:7      | Found an ancient bone altar of Kikubaaqudgha.
  6969 | D:7      | Found a shadowy altar of Dithmenos.
  7015 | D:7      | Noticed an oklob plant
  7019 | D:7      | Noticed Illumine's ghost (novice DDAK)
  7031 | D:7      | Found a transporter.
  7036 | D:7      | Noticed a seven-headed hydra
  7082 | D:7      | Found a transporter.
  7118 | D:7      | Noticed Dowan
  7132 | D:7      | Killed Dowan
  7139 | D:7      | Noticed Duvessa
  7148 | D:7      | Killed Duvessa
  7249 | D:7      | Found Scoaloti's Superlative Supplies.
  7327 | D:7      | Reached skill level 15 in Staves
  7739 | D:8      | Found a flagged portal.
  7765 | Bailey   | Entered a bailey
  7971 | Bailey   | Reached XP level 10. HP: 60/86 MP: 10/10
  7993 | Bailey   | Found a bloodstained altar of Trog.
  8256 | D:8      | Reached skill level 16 in Staves
  8384 | D:8      | Reached ***** piety under Okawaru
  9402 | D:9      | Found a runed translucent door.
  9533 | D:9      | Found an ornate altar of the Wu Jian Council.
  9830 | D:9      | Noticed missionaryFile's ghost (journeyman MiFi)
  9847 | D:10     | Entered Level 10 of the Dungeon
  9935 | D:10     | Found a sparkling altar of Nemelex Xobeh.
  9983 | D:10     | Reached skill level 17 in Staves
 10061 | D:10     | Received a gift from Okawaru
 10062 | D:10     | Reached skill level 1 in Armour
 10069 | D:10     | Noticed a moth of wrath
 10069 | D:10     | Noticed khadrin's ghost (novice HOFi)
 10076 | D:10     | Found a transporter.
 10091 | D:10     | Found a transporter.
 10215 | D:10     | Noticed a two-headed ogre
 10227 | D:10     | Killed a two-headed ogre
 10228 | D:10     | Reached XP level 11. HP: 99/99 MP: 11/11
 10515 | D:10     | Reached skill level 10 in Fighting
 10865 | D:11     | Identified the +1 pair of boots of Udenavio {Drain rElec
                  | Dex+4} (Okawaru gifted it to you on level 11 of the
                  | Dungeon)
 10865 | D:11     | Received a gift from Okawaru
 11012 | D:11     | Noticed Urug
 11024 | D:11     | Killed Urug
 11556 | D:11     | Found a staircase to the Lair.
 11599 | Lair:1   | Entered Level 1 of the Lair of Beasts
 11741 | Lair:1   | Reached skill level 5 in Armour
 11824 | Lair:1   | Noticed Erica
 11834 | Lair:1   | Killed Erica
 11834 | Lair:1   | Received a gift from Okawaru
 11835 | Lair:1   | Reached skill level 18 in Staves
 11961 | Lair:1   | Noticed a four-headed hydra
 11980 | Lair:1   | Killed a one-headed hydra
 11981 | Lair:1   | Reached XP level 12. HP: 97/115 MP: 7/13
 13241 | Lair:2   | Reached ****** piety under Okawaru
 13273 | Lair:2   | Received a gift from Okawaru
 13358 | Lair:2   | Identified the +2 robe of the Sun {-Cast rF+ SInv} (Okawaru
                  | gifted it to you on level 2 of the Lair of Beasts)
 13358 | Lair:2   | Received a gift from Okawaru
 13793 | Lair:3   | Noticed a death yak
 13813 | Lair:3   | Noticed a death yak
 13814 | Lair:3   | Noticed a death yak
 13814 | Lair:3   | Noticed a death yak
 13839 | Lair:3   | Killed a death yak
 13841 | Lair:3   | Noticed a death yak
 13847 | Lair:3   | Killed a death yak
 13849 | Lair:3   | Killed a death yak
 13850 | Lair:3   | Reached skill level 15 in Fighting
 13853 | Lair:3   | Killed a death yak
 13859 | Lair:3   | Killed a death yak
 15092 | Lair:4   | Reached XP level 13. HP: 128/128 MP: 14/14
 15109 | Lair:4   | Reached skill level 19 in Staves
 15354 | Lair:4   | Identified the +6 quarterstaff of Theory {drain, Str+3}
                  | (Okawaru gifted it to you on level 4 of the Lair of Beasts)
 15354 | Lair:4   | Received a gift from Okawaru
 15603 | Lair:4   | Identified the +3 plate armour "Haopi" {rElec rF+} (Okawaru
                  | gifted it to you on level 4 of the Lair of Beasts)
 15603 | Lair:4   | Received a gift from Okawaru
 15657 | Lair:4   | Found a staircase to the Swamp.
 16054 | Lair:4   | Found a hole to the Spider Nest.
 16487 | Lair:5   | Reached skill level 10 in Armour
 16967 | Lair:5   | Found a viscous altar of Jiyva.
 16987 | Lair:5   | Found a staircase to the Slime Pits.
 17232 | Lair:5   | Found a white marble altar of Elyvilon.
 17988 | D:7      | Reached XP level 14. HP: 141/141 MP: 12/15
 17990 | D:7      | Killed Illumine's ghost
 17990 | D:7      | Identified the -4 cloak "Xintu" {-Tele rElec rPois}
                  | (Okawaru gifted it to you on level 7 of the Dungeon)
 17990 | D:7      | Received a gift from Okawaru
 18571 | D:9      | Killed missionaryFile's ghost
 18670 | D:10     | Killed khadrin's ghost
 19020 | Lair:6   | Entered Level 6 of the Lair of Beasts
 19065 | Lair:6   | Reached skill level 1 in Evocations
 19074 | Lair:6   | Reached skill level 20 in Staves
 19179 | Lair:6   | Paralysed by a hornet for 2 turns
 19201 | Lair:6   | Reached skill level 5 in Dodging
 19979 | Lair:6   | Received a gift from Okawaru
 20394 | Lair:6   | Acquired 1156 gold pieces
 20654 | Lair:6   | Identified the +9 plate armour of Okawaru's Respect {rElec
                  | rF- Str+5 Slay+6} (Okawaru gifted it to you on level 6 of
                  | the Lair of Beasts)
 20654 | Lair:6   | Received a gift from Okawaru
 21191 | D:12     | Found a broken altar of Ashenzari.
 21456 | D:12     | Found a staircase to the Orcish Mines.
 21828 | Orc:1    | Entered Level 1 of the Orcish Mines
 21930 | Orc:1    | Found a dark tunnel.
 22204 | Orc:1    | Paralysed by an orc sorcerer for 2 turns
 22209 | Orc:1    | Reached skill level 21 in Staves
 22223 | Volcano  | Entered a volcano
 22286 | Volcano  | Reached XP level 15. HP: 150/150 MP: 16/16
 22662 | Volcano  | Noticed an orb of fire
 22742 | Volcano  | Noticed an orb of fire
 23047 | Orc:2    | Entered Level 2 of the Orcish Mines
 23479 | Orc:2    | Found a staircase to the Elven Halls.
 23664 | Orc:2    | Found Damojew's Armour Boutique.
 23664 | Orc:2    | Found Patuz's Weapon Shop.
 23665 | Orc:2    | Found Yngel's Magic Scroll Shop.
 23682 | Orc:2    | Found Ecsaom's Jewellery Boutique.
 23687 | Orc:2    | Bought 3 scrolls of enchant armour for 337 gold pieces
 23687 | Orc:2    | Bought a scroll of enchant armour for 112 gold pieces
 23687 | Orc:2    | Bought a scroll of teleportation for 45 gold pieces
 23688 | Orc:2    | Bought a ring of poison resistance for 200 gold pieces
 23688 | Orc:2    | Bought a ring of see invisible for 150 gold pieces
 23979 | Spider:1 | Entered Level 1 of the Spider Nest
 23980 | Spider:1 | Noticed Azrael
 24120 | Spider:1 | Identified the +15 crystal plate armour of the Skies Above
                  | {Str+5} (Okawaru gifted it to you on level 1 of the Spider
                  | Nest)
 24120 | Spider:1 | Received a gift from Okawaru
 24134 | Spider:1 | Killed Azrael
 24836 | Spider:1 | Noticed an emperor scorpion
 24853 | Spider:1 | Killed an emperor scorpion
 24872 | Spider:1 | Reached skill level 5 in Evocations
 25228 | Spider:1 | Found a runed translucent gate.
 25229 | Spider:1 | Found a runed translucent gate.
 25229 | Spider:1 | Found a runed translucent gate.
 25230 | Spider:1 | Noticed Estrea's ghost (journeyman MiGl)
 25389 | Spider:1 | Killed Estrea's ghost
 25683 | Spider:2 | Found a runed translucent door.
 25684 | Spider:2 | Noticed porkupine's ghost (adept DrMo)
 26185 | Spider:2 | Noticed Nikola
 26192 | Spider:2 | Killed Nikola
 26428 | Spider:2 | Killed porkupine's ghost
 26429 | Spider:2 | Reached skill level 22 in Staves
 26435 | Spider:2 | Got Sif Muna's Handbook of Feathery Ice
 26623 | Spider:3 | Received a gift from Okawaru
 26936 | Spider:3 | Received a gift from Okawaru
 27472 | Spider:3 | Noticed Agnes
 27477 | Spider:3 | Killed Agnes
 27478 | Spider:3 | Reached XP level 16. HP: 155/161 MP: 0/17
 28259 | Spider:4 | Entered Level 4 of the Spider Nest
 29930 | Spider:4 | Identified the +8 quarterstaff "Bisoow Lain" {vorpal,
                  | Contam rCorr SInv} (Okawaru gifted it to you on level 4 of
                  | the Spider Nest)
 29930 | Spider:4 | Received a gift from Okawaru
 30397 | Spider:4 | Reached skill level 23 in Staves
 31128 | Spider:4 | Identified the +1 glaive of Laicsamo {vorpal, rPois rC+
                  | Str+3} (Okawaru gifted it to you on level 4 of the Spider
                  | Nest)
 31128 | Spider:4 | Received a gift from Okawaru
 31362 | Spider:4 | Reached skill level 10 in Dodging
 31787 | Spider:4 | Got a gossamer rune of Zot
 31803 | Spider:4 | Identified the +2 pair of boots of Fanaticism {rF+ rC+
                  | Dex+3 Stlth+}
 32401 | Swamp:1  | Entered Level 1 of the Swamp
 32411 | Swamp:1  | Reached XP level 17. HP: 130/165 MP: 10/18
 32413 | Swamp:1  | Received a gift from Okawaru
 32649 | Swamp:1  | HP: 8/170 [will-o-the-wisp/foxfire (22)]
 32667 | Swamp:1  | HP: 5/170 [constriction (11)]
 34035 | Swamp:2  | Received a gift from Okawaru
 34427 | Swamp:2  | Identified the +7 quarterstaff "Yheis" {antimagic, rPois
                  | rC++}
 35478 | Swamp:3  | Reached skill level 24 in Staves
 35878 | Swamp:4  | Entered Level 4 of the Swamp
 35948 | Swamp:4  | Reached skill level 15 in Armour
 35965 | Swamp:4  | Received a gift from Okawaru
 37287 | Swamp:4  | Noticed the 27-headed Lernaean hydra
 37633 | D:13     | Found a large runed translucent door.
 37633 | D:13     | Found a large runed translucent door.
 37651 | D:13     | Noticed Kirke
 38245 | D:13     | Reached XP level 18. HP: 143/180 MP: 16/19
 38728 | D:13     | Noticed Maxmaps's ghost (adept FoSk)
 38745 | D:13     | Killed Maxmaps's ghost
 38745 | D:13     | Received a gift from Okawaru
 39297 | D:14     | Noticed Louise
 39305 | D:14     | Cast into level 2 of the Abyss (Louise)
 39443 | Abyss:2  | Gained mutation: Your magical capacity is low. (-10% MP) [a
                  | neqoxec]
 39584 | Abyss:3  | Found a corrupted altar of Lugonu.
 39613 | Abyss:3  | Found a corrupted altar of Lugonu.
 39784 | Abyss:3  | HP: 5/180 [tentacled starspawn (7)]
 39787 | Abyss:3  | HP: 1/180 [eldritch tentacle[a mad acolyte of Lugonu] (22)]
 39787 | Abyss:3  | Slain by a mad acolyte of Lugonu

Illustrated notes

Levels and vault maps discovered:
D:1:      saegor_arrival_simple_e, layout_loops_corners, minmay_pentomino_u2
D:2:      layout_basic, hellmonk_ecumenical_altar_pennies_from_heaven,
          st_stairs_1, minmay_goblin_kobold_house
D:3:      layout_basic, minivault_19, uniq_ijyb
D:4:      layout_loops_cross, brannock_xom_greatest_gift,
          mainiacjoe_overflow_brackets, mainiacjoe_overflow_alcove_2,
          minmay_temple_entry_fiery, grunt_ministairs_4
D:5:      layout_layer_cave, zin_purify, okawaru_metal_pillars_1_2,
          enter_ossuary_3, uniq_sigmund
D:6:      layout_gridville, mainiacjoe_overflow_large_starburst,
          chequers_decorated_corner, uniq_maggie, uniq_grinder, uniq_eustachio,
          uniq_pikel
D:7:      layout_loops_ring, lemuel_crystal_altar,
          mainiacjoe_overflow_cross_hatched, nzn_ghost_randoct,
          minmay_misc_feat_tower, nicolae_alphabet_shops, uniq_duvessa
D:8:      layout_rooms, enter_bailey_4
D:9:      layout_basic, nzn_wu_jian_council_hall, ebering_ghost_reflecting_pool
D:10:     layout_gridville, nemelex_diamond_rough_becter,
          gammafunk_ghost_berserking_beasts, kennysheep_big_empty_room
D:11:     layout_big_octagon, grunt_lair_entry_orc_guard_hut, uniq_urug
D:12:     layout_loops_cross, minmay_orc_entry_guard_dogs,
          evilmike_ruin_ashenzari
D:13:     layout_rooms, ebering_ghost_disaster_area, minivault_26, uniq_kirke
D:14:     layout_irregular_city, grunt_vaults_entry_fortified,
          minmay_misc_feat_doors, minivault_11, uniq_louise
Temple:   minmay_freezing_vapour_temple
Lair:1:   layout_regular_city, grunt_megastairs_4, uniq_erica
Lair:2:   layout_big_grid, beast_lair_carwin_2
Lair:3:   layout_regular_city, chequers_serial_rivers_small_3
Lair:4:   layout_cave_pods, minmay_swamp_entry_reptiles,
          nicolae_spider_entry_non_spiders, beast_lair_carwin_7,
          serial_bayou_shore_b
Lair:5:   layout_cave_pods, slime_altar_1, lemuel_oklob_altar,
          grunt_megastairs_2, serial_bayou_shore_a
Lair:6:   minmay_lair_end_enchanted_forest, layout_gridlike
Swamp:1:  layout_basic_swamp, evilmike_swamp_ruin_house_2,
          cheibrodos_swamp_minitomb
Swamp:2:  layout_falls_marsh, evilmike_swamp_ruin_house_5,
          infiniplex_staircase_pool
Swamp:3:  layout_basic_swamp, evilmike_swamp_ruin_house_3
Swamp:4:  swamp_old_school, layout_basic_swamp, nicolae_swamp_alligator_family
Spider:1: layout_spider_delve, ebering_ghost_rock_garden, uniq_azrael
Spider:2: layout_spider_delve, ebering_ghost_reflecting_pool,
          hangedman_spider_tarantella_strand, uniq_nikola
Spider:3: layout_chambers, hangedman_spider_mandibles, uniq_agnes
Spider:4: floodkiller_spider_rune_tomb, drop_trap
Orc:1:    layout_caves, nicolae_volcano_entry_hallway
Orc:2:    st_orc_mages, layout_diamond_mine
Abyss:3:  base: Lair:5, evilmike_abyss_rune_siren_acolytes

Skill      XL: |  1  2  3  4  5  6  7  8  9 10 11 12 13 14 15 16 17 |
---------------+----------------------------------------------------+-----
Staves         | 4 5 6 7 9 10 13 15 17 18 19 21 22 23 24 | 24.6
Fighting       | 3 4 5 6 7 9 13 15 17 18 19 20 | 20.9
Invocations    | 1 2 3 |  3.5
Armour         | 1 5 8 10 12 13 14 15 | 15.5
Dodging        | 4 6 8 10 11 | 11.5
Evocations     | 3 5 7 8 |  8.9
Throwing       | |  2.0

Action                   |  1- 3 |  4- 6 |  7- 9 | 10-12 | 13-15 | 16-18 || total
-------------------------+-------+-------+-------+-------+-------+-------++-------
Melee: Quarterstaff      |    93 |    72 |       |       |    14 |   175 ||   354
       Headbutt          |    14 |    19 |    38 |   105 |   257 |   284 ||   717
       Lajatang          |       |    13 |   232 |   422 |  1011 |   873 ||  2551
       Scimitar          |       |       |       |     5 |       |       ||     5
       Unarmed           |       |       |       |       |       |     9 ||     9
Throw: Stone             |       |     6 |     5 |    46 |    11 |    39 ||   107
       Dart              |       |       |       |     8 |     1 |     1 ||    10
       Javelin           |       |       |       |     4 |       |       ||     4
       Boomerang         |       |       |       |       |    13 |    19 ||    32
Invok: Heroism           |       |     2 |     7 |    11 |    18 |    15 ||    53
       Finesse           |       |       |       |       |     2 |       ||     2
Evoke: Wand              |       |     4 |     3 |     2 |     2 |     8 ||    19
       Tin of tremorston |       |       |       |       |     2 |       ||     2
       Condenser vane    |       |       |       |       |       |     1 ||     1
  Use: Scroll            |     3 |     4 |     4 |     5 |     8 |     7 ||    31
       Potion            |       |     6 |     2 |     2 |     3 |     7 ||    20
Armor: Leather armour    |    20 |    22 |     5 |       |       |       ||    47
       Skin              |       |     1 |       |       |       |       ||     1
       Chain mail        |       |       |    58 |   155 |    22 |       ||   235
       Plate armour      |       |       |       |       |   363 |       ||   363
       Crystal plate arm |       |       |       |       |   196 |  1070 ||  1266
Dodge: Dodged            |    55 |    45 |    74 |   208 |   493 |   892 ||  1767
